 Dungeon Crawl Stone Soup version 0.20.1-1-g8b1a95d66d (webtiles) character file.

46 Jerry the Skirmisher (level 3, -1/30 HPs)
             Began as a Barachi Fighter on Nov 17, 2017.
             Slain by Crazy Yiuf
             ... wielding a +3 quarterstaff of chaos
              (2 damage)
             ... on level 2 of the Dungeon.
             The game lasted 00:02:35 (929 turns).

Jerry the Skirmisher (Barachi Fighter)               Turns: 929, Time: 00:02:36

Health: -1/30      AC:  8    Str: 23    XL:     3   Next: 68%
Magic:  0/3        EV:  2    Int:  8    God:
Gold:   41         SH:  0    Dex: 11    Spells: 2/2 levels left

rFire    . . .     SeeInvis .   a - +0 long sword
rCold    . . .     Gourm    .   c - +0 shield
rNeg     + + +     Faith    .   l - +2 leather armour {rN+}
rPois    ∞         Spirit   .   (no helmet)
rElec    .         Reflect  .   (no cloak)
rCorr    .         Harm     .   (no gloves)
MR       .....                  p - +2 pair of boots
Stlth    +.........             (no amulet)
Regen    0.1/turn               (no ring)
MPRegen  0.1/turn               (no ring)

@: mighty, petrified, slow
A: +LOS, swims, slowness 1, strong legs 1
a: Hop


You were on level 2 of the Dungeon.
You were not hungry.

You visited 1 branch of the dungeon, and saw 2 of its levels.

You collected 41 gold pieces.

Inventory:

Hand Weapons
 a - a +0 long sword (weapon)
 o - a +0 dagger of speed
Armour
 b - a +0 scale mail
 c - a +0 shield (worn)
 l - a +2 leather armour of positive energy (worn)
 p - a +2 pair of boots (worn)
Scrolls
 e - 4 scrolls of identify {unknown}
 i - a scroll of enchant weapon {unknown}
 k - a scroll of remove curse {unknown}
Potions
 h - 3 potions of lignification {unknown}
 j - a potion of curing {unknown}
 m - a potion of mutation {unknown}
 n - a potion of resistance {unknown}
 q - a potion of heal wounds {unknown}
Comestibles
 f - 3 bread rations
 g - a chunk of flesh


   Skills:
 + Level 4.2 Fighting
 * Level 3.5 Long Blades
 + Level 3.8 Armour
 + Level 3.7 Shields


You had 2 spell levels left.
You didn't know any spells.

Dungeon Overview and Level Annotations

Branches:
Dungeon (2/15)

Altars:

Annotations:
D:2 Crazy Yiuf


Innate Abilities, Weirdness & Mutations

Shadows flee at your approach. (+LOS)
You can swim through water.
You cover ground slowly.
You can hop short distances.


Message History

Crazy Yiuf barely misses you.
There is an open door here.
You slash Crazy Yiuf!
Crazy Yiuf is moderately wounded.
Crazy Yiuf hits you but does no damage. You block Crazy Yiuf's attack.
Your shield prevents you from hitting Crazy Yiuf.
Crazy Yiuf is moderately wounded.
Crazy Yiuf hits you with a quarterstaff of chaos!
You are slowing down.
You closely miss Crazy Yiuf.
Crazy Yiuf is moderately wounded.
Crazy Yiuf hits you with a quarterstaff of chaos!
You feel your power leaking away.
Crazy Yiuf hits you with a quarterstaff of chaos!
* * * LOW HITPOINT WARNING * * *
You blink.
You have turned to stone.
Crazy Yiuf hits you but does no damage.
You are electrocuted!
* * * LOW HITPOINT WARNING * * *
Crazy Yiuf hits you with a quarterstaff of chaos.
You die...

#................#
#.............[..#
#...........)..(.#
######...........#
#......######
#......# #####
#......# #)..#
#......# #..@#
#......# #.g.#
#......# ##'##
#......# ♣.♣♣
#......# ♣♣.♣
#......# ♣.♣♣
#.###### ♣♣.♣ #.#
♣♣.♣♣ #.# ♣♣...♣
#.#


You could see Crazy Yiuf.

Vanquished Creatures
  An adder (D:2)
  A ball python (D:1)
  4 bats
  3 goblins
  5 hobgoblins (D:1)
  8 jackals
  3 kobolds
  A quokka (D:2)
  A frilled lizard (D:2)
  6 rats (D:1)
33 creatures vanquished.

Notes
Turn   | Place    | Note
-------+----------+-------------------------------------------
     0 | D:1      | Jerry the Barachi Fighter began the quest for the Orb.
     0 | D:1      | Reached XP level 1. HP: 18/18 MP: 1/1
    98 | D:1      | Reached XP level 2. HP: 25/25 MP: 2/2
   303 | D:1      | Reached skill level 4 in Fighting
   416 | D:1      | Reached XP level 3. HP: 29/30 MP: 3/3
   917 | D:2      | Found a runed door.
   921 | D:2      | Noticed Crazy Yiuf
   927 | D:2      | HP: 1/30 [Crazy Yiuf/quarterstaff of chaos (7)]
   929 | D:2      | Slain by Crazy Yiuf

Skill      XL: |  1  2 |
---------------+-------+-----
Long Blades    | 3 |  3.5
Fighting       | 4 |  4.2
Armour         | |  3.8
Shields        | |  3.7

Action                   || total
-------------------------++-------
Melee: Long sword        ||    94
  Use: Potion            ||     1
  Eat: Chunk             ||     1
Armor: Scale mail        ||    18
       Leather armour    ||    23
Dodge: Dodged            ||    41
Block: Shield            ||    62
       Rpst.: Long sword ||     8
